Workbook

Sheet ZoomScenarios
A1: Scenario | E1: NPV | F1: Prob | I1: Sources of Uncertainty: | K1: P(Yes) | L1: P(No) | N1: Zoom Mkt Capitalization | P1: %Change
A2: =A16 -> 1. Best case: Rivals withdraw; Zoom innovates | E2: =B34 -> 2.7630323e+08 | F2: =G2 -> 0.20475 | G2: =L2*L3*K4 -> 0.20475 | I2: * Rivals attack on price | K2: 0.55 | L2: =1-K2 -> 0.45 | N2: 43676 | O2: 25440000
A3: =A41 -> 2. Mid1: Rivals withdraw; Zoom lags | E3: =B59 -> 84445585 | F3: =G3 -> 0.11025 | G3: =L2*L3*L4 -> 0.11025 | I3: * Rivals match quality | K3: 0.3 | L3: =1-K3 -> 0.7 | N3: 44042 | O3: 70526000 | P3: =(O3-O2)/O2 -> 1.7722484
A4: =A66 -> 3. Mid2: Rivals' quality fails; Price war; Zoom lags | E4: =B84 -> 6655570.6 | F4: =G4 -> 0.13475 | G4: =L3*K2*L4 -> 0.13475 | I4: * Zoom keeps innovating | K4: 0.65 | L4: =1-K4 -> 0.35 | N4: 44060 | O4: 75082000 | P4: =(O4-O3)/O3 -> 0.064600289
A5: =A90 -> 4. Mid3: Rivals' quality fails; Price war; Zoom innovates | E5: =B108 -> 19750426 | F5: =G5 -> 0.25025 | G5: =L3*K2*K4 -> 0.25025 | N5: Premium | O5: 0.25
A6: =A114 -> 5. Mid4: Rivals' fix quality; No price war; Zoom lags | E6: =B132 -> 8419671.1 | F6: =G6 -> 0.04725 | G6: =K3*L2*L4 -> 0.04725 | I6: Analyst estimates | O6: =(O2+O3)/2*(1+O$5) -> 59978750 | P6: 0.4
A7: =A138 -> 6. Mid5: Rivals' fix quality; No price war; Zoom innovates | E7: =B156 -> 14435060 | F7: =G7 -> 0.08775 | G7: =K3*L2*K4 -> 0.08775 | I7: * Industry size (revenue): | K7: $3.85B | O7: =(O3+O4)/2*(1+O$5) -> 91005000 | P7: =1-P6 -> 0.6
A8: =A162 -> 7. Mid6: Rivals' fix quality; Price war; Zoom innovates | E8: =B180 -> 15297343 | F8: =G8 -> 0.10725 | G8: =K3*K2*K4 -> 0.10725 | I8: * Industry growth (CAGR): | K8: 0.099 | O8: =O6*P6+O7*P7 -> 78594500
A9: =A187 -> 8. Worst case: Rivals' fix quality; Price war; Zoom lags | E9: =B205 -> 2606518.7 | F9: =G9 -> 0.05775 | G9: =K3*K2*L4 -> 0.05775
A10: Expected value created: | E10: =IF(F10=1,E2*F2+E3*F3+E4*F4+E5*F5+E6*F6+E7*F7+E8*F8+E9*F9) -> 75178266 | F10: =SUM(F2:F9) -> 1
A11: Purchase price: | E11: =O8 -> 78594500
A12: Value created (lost) in the acquisition: | E12: =E10-E11 -> -3416233.7
A16: 1. Best case: Rivals withdraw; Zoom innovates
D18: --Post Rival Resp-- | F18: ----------Zoom Historical----------
A19: Assumptions | C19: Initial | D19: Value | E19: When(yr) | F19: Avg | G19: Max | H19: Min
A20: Operating Inc Mgn | C20: =F20 -> 0.033192835 | D20: 0.006 | E20: 2029 | F20: =ZoomFinancials!F$15 -> 0.033192835 | G20: =ZoomFinancials!G$15 -> 0.0080671728 | H20: =ZoomFinancials!H$15 -> 0.033192835
A21: Revenue Growth | C21: =F21 -> 1.2504012 | D21: 0.3 | E21: 2029 | F21: =ZoomFinancials!F$5 -> 1.2504012 | G21: =ZoomFinancials!G$5 -> 1.2017394 | H21: =ZoomFinancials!H$5 -> 1.4907181
A22: Amortization % Sales | C22: =F22 -> 0.022620604 | F22: =ZoomFinancials!F$24 -> 0.022620604 | G22: =ZoomFinancials!G$24 -> 0.021735398 | H22: =ZoomFinancials!H$24 -> 0.026417391
A23: Tax rate | C23: =F23 -> 0.080859677 | F23: =ZoomFinancials!F$20 -> 0.080859677 | G23: =ZoomFinancials!G$20 -> 0.24295557 | H23: =ZoomFinancials!H$20 -> 1.0886076
A24: WACC | C24: 0.055
A25: Terminal Growth rate | C25: 0.02
A27: Zoom 2020 valuation based on expected cash flows
A28: Thousands$ | B28: 2020 | C28: =B28+1 -> 2021 | D28: =C28+1 -> 2022 | E28: =D28+1 -> 2023 | F28: =E28+1 -> 2024 | G28: =F28+1 -> 2025 | H28: =G28+1 -> 2026 | I28: =H28+1 -> 2027 | J28: =I28+1 -> 2028 | K28: =J28+1 -> 2029 | L28: Terminal
A29: Revenue | B29: =ZoomFinancials!$B$4 -> 622658 | C29: =B29*(1+IF(C28>$E21-1,$D21,$C21)) -> 1401230.3 | D29: =C29*(1+IF(D28>$E21-1,$D21,$C21)) -> 3153330.3 | E29: =D29*(1+IF(E28>$E21-1,$D21,$C21)) -> 7096258.1 | F29: =E29*(1+IF(F28>$E21-1,$D21,$C21)) -> 15969427 | G29: =F29*(1+IF(G28>$E21-1,$D21,$C21)) -> 35937618 | H29: =G29*(1+IF(H28>$E21-1,$D21,$C21)) -> 80874058 | I29: =H29*(1+IF(I28>$E21-1,$D21,$C21)) -> 1.8199907e+08 | J29: =I29*(1+IF(J28>$E21-1,$D21,$C21)) -> 4.0957093e+08 | K29: =J29*(1+IF(K28>$E21-1,$D21,$C21)) -> 5.3244221e+08
A30: Operating Income | B30: =B29*IF(B28>$E20-1,$D20,$C20) -> 20667.784 | C30: =C29*IF(C28>$E20-1,$D20,$C20) -> 46510.806 | D30: =D29*IF(D28>$E20-1,$D20,$C20) -> 104667.97 | E30: =E29*IF(E28>$E20-1,$D20,$C20) -> 235544.92 | F30: =F29*IF(F28>$E20-1,$D20,$C20) -> 530070.57 | G30: =G29*IF(G28>$E20-1,$D20,$C20) -> 1192871.4 | H30: =H29*IF(H28>$E20-1,$D20,$C20) -> 2684439.3 | I30: =I29*IF(I28>$E20-1,$D20,$C20) -> 6041065.2 | ... K30: =K29*IF(K28>$E20-1,$D20,$C20) -> 3194653.2
A31: Taxes | B31: =B30*$C23 -> 1671.1904 | C31: =C30*$C23 -> 3760.8487 | D31: =D30*$C23 -> 8463.4183 | E31: =E30*$C23 -> 19046.086 | F31: =F30*$C23 -> 42861.335 | G31: =G30*$C23 -> 96455.198 | H31: =H30*$C23 -> 217062.89 | I31: =I30*$C23 -> 488478.58 | ... K31: =K30*$C23 -> 258318.63
A32: Depreciation/Amort | B32: =B29*$C22 -> 14084.9 | C32: =C29*$C22 -> 31696.675 | D32: =D29*$C22 -> 71330.235 | E32: =E29*$C22 -> 160521.64 | F32: =F29*$C22 -> 361238.09 | G32: =G29*$C22 -> 812930.62 | H32: =H29*$C22 -> 1829420 | I32: =I29*$C22 -> 4116928.9 | ... K32: =K29*$C22 -> 12044164
A33: Cash flows | B33: =B30-B31+B32 -> 33081.494 | C33: =C30-C31+C32 -> 74446.632 | D33: =D30-D31+D32 -> 167534.79 | E33: =E30-E31+E32 -> 377020.48 | F33: =F30-F31+F32 -> 848447.33 | G33: =G30-G31+G32 -> 1909346.9 | H33: =H30-H31+H32 -> 4296796.4 | I33: =I30-I31+I32 -> 9669515.6 | ... K33: =K30-K31+K32 -> 14980499 | L33: =(K33*(1+$C25))/($C24-$C25) -> 4.3657454e+08
A34: NPV | B34: =NPV(C24,B33:L33) -> 2.7630323e+08
A40: Black
A41: 2. Mid1: Rivals withdraw; Zoom lags
D43: --Post Rival Resp-- | F43: ----------Zoom Historical----------
A44: Assumptions | C44: Initial | D44: Value | E44: When(yr) | F44: Avg | G44: Max | H44: Min
A45: Operating Inc Mgn | C45: =F45 -> 0.033192835 | D45: 0.07 | E45: 2025 | F45: =ZoomFinancials!F$15 -> 0.033192835 | G45: =ZoomFinancials!G$15 -> 0.0080671728 | H45: =ZoomFinancials!H$15 -> 0.033192835
A46: Revenue Growth | C46: =F46 -> 1.2504012 | D46: 0.4 | E46: 2024 | F46: =ZoomFinancials!F$5 -> 1.2504012 | G46: =ZoomFinancials!G$5 -> 1.2017394 | H46: =ZoomFinancials!H$5 -> 1.4907181
A47: Amortization % Sales | C47: =F47 -> 0.022620604 | F47: =ZoomFinancials!F$24 -> 0.022620604 | G47: =ZoomFinancials!G$24 -> 0.021735398 | H47: =ZoomFinancials!H$24 -> 0.026417391
A48: Tax rate | C48: =F48 -> 0.080859677 | F48: =ZoomFinancials!F$20 -> 0.080859677 | G48: =ZoomFinancials!G$20 -> 0.24295557 | H48: =ZoomFinancials!H$20 -> 1.0886076
A49: WACC | C49: 0.055
A50: Terminal Growth rate | C50: 0.02
A52: Zoom 2020 valuation based on expected cash flows
A53: Thousands$ | B53: 2020 | C53: =B53+1 -> 2021 | D53: =C53+1 -> 2022 | E53: =D53+1 -> 2023 | F53: =E53+1 -> 2024 | G53: =F53+1 -> 2025 | H53: =G53+1 -> 2026 | I53: =H53+1 -> 2027 | J53: =I53+1 -> 2028 | K53: =J53+1 -> 2029 | L53: Terminal
A54: Revenue | B54: =ZoomFinancials!$B$4 -> 622658 | C54: =B54*(1+IF(C53>$E46-1,$D46,$C46)) -> 1401230.3 | D54: =C54*(1+IF(D53>$E46-1,$D46,$C46)) -> 3153330.3 | E54: =D54*(1+IF(E53>$E46-1,$D46,$C46)) -> 7096258.1 | F54: =E54*(1+IF(F53>$E46-1,$D46,$C46)) -> 9934761.3 | G54: =F54*(1+IF(G53>$E46-1,$D46,$C46)) -> 13908666 | H54: =G54*(1+IF(H53>$E46-1,$D46,$C46)) -> 19472132 | I54: =H54*(1+IF(I53>$E46-1,$D46,$C46)) -> 27260985 | J54: =I54*(1+IF(J53>$E46-1,$D46,$C46)) -> 38165379 | K54: =J54*(1+IF(K53>$E46-1,$D46,$C46)) -> 53431531
A55: Operating Income | B55: =B54*IF(B53>$E45-1,$D45,$C45) -> 20667.784 | C55: =C54*IF(C53>$E45-1,$D45,$C45) -> 46510.806 | D55: =D54*IF(D53>$E45-1,$D45,$C45) -> 104667.97 | E55: =E54*IF(E53>$E45-1,$D45,$C45) -> 235544.92 | F55: =F54*IF(F53>$E45-1,$D45,$C45) -> 329762.89 | G55: =G54*IF(G53>$E45-1,$D45,$C45) -> 973606.61 | H55: =H54*IF(H53>$E45-1,$D45,$C45) -> 1363049.3 | I55: =I54*IF(I53>$E45-1,$D45,$C45) -> 1908269 | ... K55: =K54*IF(K53>$E45-1,$D45,$C45) -> 3740207.2
A56: Taxes | B56: =B55*$C48 -> 1671.1904 | C56: =C55*$C48 -> 3760.8487 | D56: =D55*$C48 -> 8463.4183 | E56: =E55*$C48 -> 19046.086 | F56: =F55*$C48 -> 26664.521 | G56: =G55*$C48 -> 78725.516 | H56: =H55*$C48 -> 110215.72 | I56: =I55*$C48 -> 154302.01 | ... K56: =K55*$C48 -> 302431.94
A57: Depreciation/Amort | B57: =B54*$C47 -> 14084.9 | C57: =C54*$C47 -> 31696.675 | D57: =D54*$C47 -> 71330.235 | E57: =E54*$C47 -> 160521.64 | F57: =F54*$C47 -> 224730.3 | G57: =G54*$C47 -> 314622.42 | H57: =H54*$C47 -> 440471.39 | I57: =I54*$C47 -> 616659.94 | ... K57: =K54*$C47 -> 1208653.5
A58: Cash flows | B58: =B55-B56+B57 -> 33081.494 | C58: =C55-C56+C57 -> 74446.632 | D58: =D55-D56+D57 -> 167534.79 | E58: =E55-E56+E57 -> 377020.48 | F58: =F55-F56+F57 -> 527828.67 | G58: =G55-G56+G57 -> 1209503.5 | H58: =H55-H56+H57 -> 1693304.9 | I58: =I55-I56+I57 -> 2370626.9 | ... K58: =K55-K56+K57 -> 4646428.7 | L58: =(K58*(1+$C50))/($C49-$C50) -> 1.3541021e+08
A59: NPV | B59: =NPV(C49,B58:L58) -> 84445585
A65: Blue
A66: 3. Mid2: Rivals' quality fails; Price war; Zoom lags
D68: --Post Rival Resp-- | F68: ----------Zoom Historical----------
A69: Assumptions | C69: Initial | D69: Value | E69: When(yr) | F69: Avg | G69: Max | H69: Min
A70: Operating Inc Mgn | C70: =F70 -> 0.033192835 | D70: 0.02 | E70: 2025 | F70: =ZoomFinancials!F$15 -> 0.033192835 | G70: =ZoomFinancials!G$15 -> 0.0080671728 | H70: =ZoomFinancials!H$15 -> 0.033192835
A71: Revenue Growth | C71: =F71 -> 1.2504012 | D71: 0.25 | E71: 2022 | F71: =ZoomFinancials!F$5 -> 1.2504012 | G71: =ZoomFinancials!G$5 -> 1.2017394 | H71: =ZoomFinancials!H$5 -> 1.4907181
A72: Amortization % Sales | C72: =F72 -> 0.022620604 | F72: =ZoomFinancials!F$24 -> 0.022620604 | G72: =ZoomFinancials!G$24 -> 0.021735398 | H72: =ZoomFinancials!H$24 -> 0.026417391
A73: Tax rate | C73: =F73 -> 0.080859677 | F73: =ZoomFinancials!F$20 -> 0.080859677 | G73: =ZoomFinancials!G$20 -> 0.24295557 | H73: =ZoomFinancials!H$20 -> 1.0886076
A74: WACC | C74: 0.055
A75: Terminal Growth rate | C75: 0.02
A77: Zoom 2020 valuation based on expected cash flows
A78: Thousands$ | B78: 2020 | C78: =B78+1 -> 2021 | D78: =C78+1 -> 2022 | E78: =D78+1 -> 2023 | F78: =E78+1 -> 2024 | G78: =F78+1 -> 2025 | H78: =G78+1 -> 2026 | I78: =H78+1 -> 2027 | J78: =I78+1 -> 2028 | K78: =J78+1 -> 2029 | L78: Terminal
A79: Revenue | B79: =ZoomFinancials!$B$4 -> 622658 | C79: =B79*(1+IF(C78>$E71-1,$D71,$C71)) -> 1401230.3 | D79: =C79*(1+IF(D78>$E71-1,$D71,$C71)) -> 1751537.9 | E79: =D79*(1+IF(E78>$E71-1,$D71,$C71)) -> 2189422.3 | F79: =E79*(1+IF(F78>$E71-1,$D71,$C71)) -> 2736777.9 | G79: =F79*(1+IF(G78>$E71-1,$D71,$C71)) -> 3420972.4 | H79: =G79*(1+IF(H78>$E71-1,$D71,$C71)) -> 4276215.5 | I79: =H79*(1+IF(I78>$E71-1,$D71,$C71)) -> 5345269.3 | J79: =I79*(1+IF(J78>$E71-1,$D71,$C71)) -> 6681586.7 | K79: =J79*(1+IF(K78>$E71-1,$D71,$C71)) -> 8351983.4
A80: Operating Income | B80: =B79*IF(B78>$E70-1,$D70,$C70) -> 20667.784 | C80: =C79*IF(C78>$E70-1,$D70,$C70) -> 46510.806 | D80: =D79*IF(D78>$E70-1,$D70,$C70) -> 58138.507 | E80: =E79*IF(E78>$E70-1,$D70,$C70) -> 72673.134 | F80: =F79*IF(F78>$E70-1,$D70,$C70) -> 90841.418 | G80: =G79*IF(G78>$E70-1,$D70,$C70) -> 68419.448 | H80: =H79*IF(H78>$E70-1,$D70,$C70) -> 85524.31 | I80: =I79*IF(I78>$E70-1,$D70,$C70) -> 106905.39 | ... K80: =K79*IF(K78>$E70-1,$D70,$C70) -> 167039.67
A81: Taxes | B81: =B80*$C73 -> 1671.1904 | C81: =C80*$C73 -> 3760.8487 | D81: =D80*$C73 -> 4701.0609 | E81: =E80*$C73 -> 5876.3261 | F81: =F80*$C73 -> 7345.4077 | G81: =G80*$C73 -> 5532.3744 | H81: =H80*$C73 -> 6915.468 | I81: =I80*$C73 -> 8644.335 | ... K81: =K80*$C73 -> 13506.773
A82: Depreciation/Amort | B82: =B79*$C72 -> 14084.9 | C82: =C79*$C72 -> 31696.675 | D82: =D79*$C72 -> 39620.844 | E82: =E79*$C72 -> 49526.055 | F82: =F79*$C72 -> 61907.569 | G82: =G79*$C72 -> 77384.461 | H82: =H79*$C72 -> 96730.576 | I82: =I79*$C72 -> 120913.22 | ... K82: =K79*$C72 -> 188926.91
A83: Cash flows | B83: =B80-B81+B82 -> 33081.494 | C83: =C80-C81+C82 -> 74446.632 | D83: =D80-D81+D82 -> 93058.29 | E83: =E80-E81+E82 -> 116322.86 | F83: =F80-F81+F82 -> 145403.58 | G83: =G80-G81+G82 -> 140271.53 | H83: =H80-H81+H82 -> 175339.42 | I83: =I80-I81+I82 -> 219174.27 | ... K83: =K80-K81+K82 -> 342459.8 | L83: =(K83*(1+$C75))/($C74-$C75) -> 9980257
A84: NPV | B84: =NPV(C74,B83:L83) -> 6655570.6
A89: Green
A90: 4. Mid3: Rivals' quality fails; Price war; Zoom innovates
D92: --Post Rival Resp-- | F92: ----------Zoom Historical----------
A93: Assumptions | C93: Initial | D93: Value | E93: When(yr) | F93: Avg | G93: Max | H93: Min
A94: Operating Inc Mgn | C94: =F94 -> 0.033192835 | D94: 0.02 | E94: 2025 | F94: =ZoomFinancials!F$15 -> 0.033192835 | G94: =ZoomFinancials!G$15 -> 0.0080671728 | H94: =ZoomFinancials!H$15 -> 0.033192835
A95: Revenue Growth | C95: =F95 -> 1.2504012 | D95: 0.35 | E95: 2023 | F95: =ZoomFinancials!F$5 -> 1.2504012 | G95: =ZoomFinancials!G$5 -> 1.2017394 | H95: =ZoomFinancials!H$5 -> 1.4907181
A96: Amortization % Sales | C96: =F96 -> 0.022620604 | F96: =ZoomFinancials!F$24 -> 0.022620604 | G96: =ZoomFinancials!G$24 -> 0.021735398 | H96: =ZoomFinancials!H$24 -> 0.026417391
A97: Tax rate | C97: =F97 -> 0.080859677 | F97: =ZoomFinancials!F$20 -> 0.080859677 | G97: =ZoomFinancials!G$20 -> 0.24295557 | H97: =ZoomFinancials!H$20 -> 1.0886076
A98: WACC | C98: 0.055
A99: Terminal Growth rate | C99: 0.02
A101: Zoom 2020 valuation based on expected cash flows
A102: Thousands$ | B102: 2020 | C102: =B102+1 -> 2021 | D102: =C102+1 -> 2022 | E102: =D102+1 -> 2023 | F102: =E102+1 -> 2024 | G102: =F102+1 -> 2025 | H102: =G102+1 -> 2026 | I102: =H102+1 -> 2027 | J102: =I102+1 -> 2028 | K102: =J102+1 -> 2029 | L102: Terminal
A103: Revenue | B103: =ZoomFinancials!$B$4 -> 622658 | C103: =B103*(1+IF(C102>$E95-1,$D95,$C95)) -> 1401230.3 | D103: =C103*(1+IF(D102>$E95-1,$D95,$C95)) -> 3153330.3 | E103: =D103*(1+IF(E102>$E95-1,$D95,$C95)) -> 4256995.9 | F103: =E103*(1+IF(F102>$E95-1,$D95,$C95)) -> 5746944.4 | G103: =F103*(1+IF(G102>$E95-1,$D95,$C95)) -> 7758375 | H103: =G103*(1+IF(H102>$E95-1,$D95,$C95)) -> 10473806 | I103: =H103*(1+IF(I102>$E95-1,$D95,$C95)) -> 14139638 | J103: =I103*(1+IF(J102>$E95-1,$D95,$C95)) -> 19088512 | K103: =J103*(1+IF(K102>$E95-1,$D95,$C95)) -> 25769491
A104: Operating Income | B104: =B103*IF(B102>$E94-1,$D94,$C94) -> 20667.784 | C104: =C103*IF(C102>$E94-1,$D94,$C94) -> 46510.806 | D104: =D103*IF(D102>$E94-1,$D94,$C94) -> 104667.97 | E104: =E103*IF(E102>$E94-1,$D94,$C94) -> 141301.76 | F104: =F103*IF(F102>$E94-1,$D94,$C94) -> 190757.38 | G104: =G103*IF(G102>$E94-1,$D94,$C94) -> 155167.5 | H104: =H103*IF(H102>$E94-1,$D94,$C94) -> 209476.12 | I104: =I103*IF(I102>$E94-1,$D94,$C94) -> 282792.77 | ... K104: =K103*IF(K102>$E94-1,$D94,$C94) -> 515389.82
A105: Taxes | B105: =B104*$C97 -> 1671.1904 | C105: =C104*$C97 -> 3760.8487 | D105: =D104*$C97 -> 8463.4183 | E105: =E104*$C97 -> 11425.615 | F105: =F104*$C97 -> 15424.58 | G105: =G104*$C97 -> 12546.794 | H105: =H104*$C97 -> 16938.172 | I105: =I104*$C97 -> 22866.532 | ... K105: =K104*$C97 -> 41674.254
A106: Depreciation/Amort | B106: =B103*$C96 -> 14084.9 | C106: =C103*$C96 -> 31696.675 | D106: =D103*$C96 -> 71330.235 | E106: =E103*$C96 -> 96295.817 | F106: =F103*$C96 -> 129999.35 | G106: =G103*$C96 -> 175499.13 | H106: =H103*$C96 -> 236923.82 | I106: =I103*$C96 -> 319847.16 | ... K106: =K103*$C96 -> 582921.44
A107: Cash flows | B107: =B104-B105+B106 -> 33081.494 | C107: =C104-C105+C106 -> 74446.632 | D107: =D104-D105+D106 -> 167534.79 | E107: =E104-E105+E106 -> 226171.96 | F107: =F104-F105+F106 -> 305332.15 | G107: =G104-G105+G106 -> 318119.83 | H107: =H104-H105+H106 -> 429461.77 | I107: =I104-I105+I106 -> 579773.39 | ... K107: =K104-K105+K106 -> 1056637 | L107: =(K107*(1+$C99))/($C98-$C99) -> 30793421
A108: NPV | B108: =NPV(C98,B107:L107) -> 19750426
A113: Orange
A114: 5. Mid4: Rivals' fix quality; No price war; Zoom lags
D116: --Post Rival Resp-- | F116: ----------Zoom Historical----------
A117: Assumptions | C117: Initial | D117: Value | E117: When(yr) | F117: Avg | G117: Max | H117: Min
A118: Operating Inc Mgn | C118: =F118 -> 0.033192835 | D118: 0.03 | E118: 2025 | F118: =ZoomFinancials!F$15 -> 0.033192835 | G118: =ZoomFinancials!G$15 -> 0.0080671728 | H118: =ZoomFinancials!H$15 -> 0.033192835
A119: Revenue Growth | C119: =F119 -> 1.2504012 | D119: 0.15 | E119: 2023 | F119: =ZoomFinancials!F$5 -> 1.2504012 | G119: =ZoomFinancials!G$5 -> 1.2017394 | H119: =ZoomFinancials!H$5 -> 1.4907181
A120: Amortization % Sales | C120: =F120 -> 0.022620604 | F120: =ZoomFinancials!F$24 -> 0.022620604 | G120: =ZoomFinancials!G$24 -> 0.021735398 | H120: =ZoomFinancials!H$24 -> 0.026417391
A121: Tax rate | C121: =F121 -> 0.080859677 | F121: =ZoomFinancials!F$20 -> 0.080859677 | G121: =ZoomFinancials!G$20 -> 0.24295557 | H121: =ZoomFinancials!H$20 -> 1.0886076
A122: WACC | C122: 0.055
A123: Terminal Growth rate | C123: 0.02
A125: Zoom 2020 valuation based on expected cash flows
A126: Thousands$ | B126: 2020 | C126: =B126+1 -> 2021 | D126: =C126+1 -> 2022 | E126: =D126+1 -> 2023 | F126: =E126+1 -> 2024 | G126: =F126+1 -> 2025 | H126: =G126+1 -> 2026 | I126: =H126+1 -> 2027 | J126: =I126+1 -> 2028 | K126: =J126+1 -> 2029 | L126: Terminal
A127: Revenue | B127: =ZoomFinancials!$B$4 -> 622658 | C127: =B127*(1+IF(C126>$E119-1,$D119,$C119)) -> 1401230.3 | D127: =C127*(1+IF(D126>$E119-1,$D119,$C119)) -> 3153330.3 | E127: =D127*(1+IF(E126>$E119-1,$D119,$C119)) -> 3626329.8 | F127: =E127*(1+IF(F126>$E119-1,$D119,$C119)) -> 4170279.3 | G127: =F127*(1+IF(G126>$E119-1,$D119,$C119)) -> 4795821.2 | H127: =G127*(1+IF(H126>$E119-1,$D119,$C119)) -> 5515194.3 | I127: =H127*(1+IF(I126>$E119-1,$D119,$C119)) -> 6342473.5 | J127: =I127*(1+IF(J126>$E119-1,$D119,$C119)) -> 7293844.5 | K127: =J127*(1+IF(K126>$E119-1,$D119,$C119)) -> 8387921.2
A128: Operating Income | B128: =B127*IF(B126>$E118-1,$D118,$C118) -> 20667.784 | C128: =C127*IF(C126>$E118-1,$D118,$C118) -> 46510.806 | D128: =D127*IF(D126>$E118-1,$D118,$C118) -> 104667.97 | E128: =E127*IF(E126>$E118-1,$D118,$C118) -> 120368.17 | F128: =F127*IF(F126>$E118-1,$D118,$C118) -> 138423.39 | G128: =G127*IF(G126>$E118-1,$D118,$C118) -> 143874.64 | H128: =H127*IF(H126>$E118-1,$D118,$C118) -> 165455.83 | I128: =I127*IF(I126>$E118-1,$D118,$C118) -> 190274.2 | ... K128: =K127*IF(K126>$E118-1,$D118,$C118) -> 251637.64
A129: Taxes | B129: =B128*$C121 -> 1671.1904 | C129: =C128*$C121 -> 3760.8487 | D129: =D128*$C121 -> 8463.4183 | E129: =E128*$C121 -> 9732.9311 | F129: =F128*$C121 -> 11192.871 | G129: =G128*$C121 -> 11633.656 | H129: =H128*$C121 -> 13378.705 | I129: =I128*$C121 -> 15385.511 | ... K129: =K128*$C121 -> 20347.338
A130: Depreciation/Amort | B130: =B127*$C120 -> 14084.9 | C130: =C127*$C120 -> 31696.675 | D130: =D127*$C120 -> 71330.235 | E130: =E127*$C120 -> 82029.77 | F130: =F127*$C120 -> 94334.235 | G130: =G127*$C120 -> 108484.37 | H130: =H127*$C120 -> 124757.03 | I130: =I127*$C120 -> 143470.58 | ... K130: =K127*$C120 -> 189739.84
A131: Cash flows | B131: =B128-B129+B130 -> 33081.494 | C131: =C128-C129+C130 -> 74446.632 | D131: =D128-D129+D130 -> 167534.79 | E131: =E128-E129+E130 -> 192665.01 | F131: =F128-F129+F130 -> 221564.76 | G131: =G128-G129+G130 -> 240725.35 | H131: =H128-H129+H130 -> 276834.15 | I131: =I128-I129+I130 -> 318359.27 | ... K131: =K128-K129+K130 -> 421030.14 | L131: =(K131*(1+$C123))/($C122-$C123) -> 12270021
...

Sheet ZoomFinancials
A2: Consolidated Statements of Operations Data: | L2: ----------Quarterly Data----------
A3: (in thousands, except share and per share data) | B3: 2020 | C3: 2019 | D3: 2018 | E3: 2017 | F3: Last 4Q | G3: Avg | H3: Max | I3: Min | L3: 43951 | M3: 43861 | N3: 43769 | O3: 43677
A4: Revenue | B4: 622658 | C4: 330517 | D4: 151478 | E4: 60817 | L4: 328167 | M4: 188251 | N4: 166593 | O4: 145826
A5: Revenue Growth | B5: =(B4-C4)/C4 -> 0.883891 | C5: =(C4-D4)/D4 -> 1.1819472 | D5: =(D4-E4)/E4 -> 1.4907181 | F5: =P5 -> 1.2504012 | G5: =AVERAGE(B5:F5) -> 1.2017394 | H5: =MAX(B5:F5) -> 1.4907181 | I5: =MIN(B5:F5) -> 0.883891 | L5: =(L4-M4)/M4 -> 0.74324174 | M5: =(M4-N4)/N4 -> 0.13000546 | N5: =(N4-O4)/O4 -> 0.14240945 | P5: =(L4-O4)/O4 -> 1.2504012 | Q5: over 3 quarters
A6: Cost of revenue(1) | B6: 115396 | C6: 61001 | D6: 30780 | E6: 12472 | L6: 103707 | M6: 32547 | N6: 30845 | O6: 27900
A7: Gross profit | B7: =B4-B6 -> 507262 | C7: =C4-C6 -> 269516 | D7: =D4-D6 -> 120698 | E7: =E4-E6 -> 48345 | L7: =L4-L6 -> 224460 | M7: =M4-M6 -> 155704 | N7: =N4-N6 -> 135748 | O7: =O4-O6 -> 117926
A8: Gross Profit % | B8: =B7/B4 -> 0.81467194 | C8: =C7/C4 -> 0.81543763 | D8: =D7/D4 -> 0.79680218 | E8: =E7/E4 -> 0.79492576 | F8: =AVERAGE(L8:O8) -> 0.78365344 | G8: =AVERAGE(B8:F8) -> 0.80109819 | H8: =MAX(B8:F8) -> 0.81543763 | I8: =MIN(B8:F8) -> 0.78365344 | L8: =L7/L4 -> 0.68398102 | M8: =M7/M4 -> 0.82710849 | N8: =N7/N4 -> 0.81484816 | O8: =O7/O4 -> 0.80867609
A9: Operating expenses:
A10: Research and development(1) | B10: 67079 | C10: 33014 | D10: 15733 | E10: 9218
A11: Sales and marketing(1) | B11: 340646 | C11: 185821 | D11: 82707 | E11: 31580
A12: General and administrative(1) | B12: 86841 | C12: 44514 | D12: 27091 | E12: 7547
A13: Total operating expenses | B13: 494566 | C13: 263349 | D13: 125531 | E13: 48345
A14: Income (loss) from operations | B14: =B7-B13 -> 12696 | C14: =C7-C13 -> 6167 | D14: =D7-D13 -> -4833 | E14: =E7-E13 -> 0 | L14: 23385 | M14: 10553 | N14: -1679 | O14: 2265
A15: Operating Mgn | B15: =B14/B4 -> 0.020390005 | C15: =C14/C4 -> 0.018658647 | D15: =D14/D4 -> -0.031905623 | E15: =E14/E4 -> 0 | F15: =AVERAGE(L15:O15) -> 0.033192835 | G15: =AVERAGE(B15:F15) -> 0.0080671728 | H15: =MAX(B15:F15) -> 0.033192835 | I15: =MIN(B15:F15) -> -0.031905623 | L15: =L14/L4 -> 0.07125945 | M15: =M14/M4 -> 0.056058135 | N15: =N14/N4 -> -0.010078455 | O15: =O14/O4 -> 0.01553221
A16: Interest income and other, net | B16: 13666 | C16: 2182 | D16: 1315 | E16: 158
A17: Net income (loss) before provision for income taxes | B17: 26362 | C17: 8349 | D17: -3518 | E17: 158 | L17: 29175 | M17: 14545 | N17: 2530 | O17: 6757
B18: =B17/B4 -> 0.042337848 | C18: =C17/C4 -> 0.025260425 | D18: =D17/D4 -> -0.023224495 | E18: =E17/E4 -> 0.0025979578 | F18: =AVERAGE(L18:O18) -> 0.056922382 | G18: =AVERAGE(B18:F18) -> 0.020778824 | H18: =MAX(B18:F18) -> 0.056922382 | I18: =MIN(B18:F18) -> -0.023224495 | L18: =L17/L4 -> 0.088902906 | M18: =M17/M4 -> 0.077263866 | N18: =N17/N4 -> 0.015186713 | O18: =O17/O4 -> 0.046336044
A19: Provision for income taxes | B19: 1057 | C19: 765 | D19: 304 | E19: 172 | L19: 2100 | M19: -794 | N19: 319 | O19: 1216
A20: Implied tax rate | B20: =B19/B17 -> 0.040095592 | C20: =C19/C17 -> 0.09162774 | D20: =D19/D17 -> -0.086412735 | E20: =E19/E17 -> 1.0886076 | F20: =AVERAGE(L20:O20) -> 0.080859677 | G20: =AVERAGE(B20:F20) -> 0.24295557 | H20: =MAX(B20:F20) -> 1.0886076 | I20: =MIN(B20:F20) -> -0.086412735 | L20: =L19/L17 -> 0.071979434 | M20: =M19/M17 -> -0.054589206 | N20: =N19/N17 -> 0.12608696 | O20: =O19/O17 -> 0.17996152
A21: Net income (loss) | B21: 25305 | C21: 7584 | D21: -3822 | E21: -14 | L21: 27036 | M21: 14277 | N21: 2207 | O21: 4770
A22: Reconciled Depreciation* | B22: 16449 | C22: 7008 | D22: 2786 | E22: 1219 | L22: 5339 | M22: 20 | N22: 6139 | O22: 5433
A23: Normalized EBITDA* | B23: 29145 | C23: 13175 | D23: -2047 | E23: 1219 | L23: 28724 | M23: 10573 | N23: 4460 | O23: 7698
A24: Depreciation/Sales | B24: =B22/B4 -> 0.026417391 | C24: =C22/C4 -> 0.021203145 | D24: =D22/D4 -> 0.01839211 | E24: =E22/E4 -> 0.020043738 | F24: =AVERAGE(L24:O24) -> 0.022620604 | G24: =AVERAGE(B24:F24) -> 0.021735398 | H24: =MAX(B24:F24) -> 0.026417391 | I24: =MIN(B24:F24) -> 0.01839211 | L24: =L22/L4 -> 0.016269156 | M24: =M22/M4 -> 0.00010624114 | N24: =N22/N4 -> 0.036850288 | O24: =O22/O4 -> 0.037256731
A25: *From Yahoo Finance
A27: Distributed earnings attributable to participating securities | B27: — | C27: — | D27: -4405 | E27: -14366
A28: Undistributed earnings attributable to participating securities | B28: -3555 | C28: -7584 | D28: — | E28: —
A29: Net income (loss) attributable to common stockholders | B29: 21750 | C29: $— | D29: -8227 | E29: -14380
A30: Net income (loss) per share attributable to common stockholders:
A31: Basic | B31: 0.09 | C31: 0 | D31: -0.11 | E31: -0.2
A32: Diluted | B32: 0.09 | C32: 0 | D32: -0.11 | E32: -0.2
A33: Weighted-average shares used in computing net income (loss) per share attributable to common stockholders:
A34: Basic | B34: 233641336 | C34: 84483094 | D34: 78119865 | E34: 70309256
A35: Diluted | B35: 254298014 | C35: 116005681 | D35: 78119865 | E35: 70309256

Sheet ZoomTree
D2: =ZoomScenarios!K4 -> 0.65 | E2: =_xll.PTreeNodeProbability(treeCalc_2!$F$2,4) -> 0.10725
D3: =ZoomScenarios!E8 -> 15297343 | E3: =_xll.PTreeNodeValue(treeCalc_2!$F$2,4) -> 15297343
C4: =ZoomScenarios!K2 -> 0.55 | D4: Zoom
D5: =_xll.PTreeNodeValue(treeCalc_2!$F$2,3) -> 10855554
D6: =1-D2 -> 0.35 | E6: =_xll.PTreeNodeProbability(treeCalc_2!$F$2,5) -> 0.05775
D7: =ZoomScenarios!E9 -> 2606518.7 | E7: =_xll.PTreeNodeValue(treeCalc_2!$F$2,5) -> 2606518.7
B8: =ZoomScenarios!K3 -> 0.3 | C8: PriceWar
B9: 0 | C9: =_xll.PTreeNodeValue(treeCalc_2!$F$2,2) -> 11518908
D10: =D2 -> 0.65 | E10: =_xll.PTreeNodeProbability(treeCalc_2!$F$2,7) -> 0.08775
D11: =ZoomScenarios!E7 -> 14435060 | E11: =_xll.PTreeNodeValue(treeCalc_2!$F$2,7) -> 14435060
C12: =1-C4 -> 0.45 | D12: Zoom
D13: =_xll.PTreeNodeValue(treeCalc_2!$F$2,6) -> 12329674
D14: =1-D10 -> 0.35 | E14: =_xll.PTreeNodeProbability(treeCalc_2!$F$2,8) -> 0.04725
D15: =ZoomScenarios!E6 -> 8419671.1 | E15: =_xll.PTreeNodeValue(treeCalc_2!$F$2,8) -> 8419671.1
B16: RivalQuality
B17: =_xll.PTreeNodeValue(treeCalc_2!$F$2,1) -> 75178266
D18: =D2 -> 0.65 | E18: =_xll.PTreeNodeProbability(treeCalc_2!$F$2,11) -> 0.25025
D19: =ZoomScenarios!E5 -> 19750426 | E19: =_xll.PTreeNodeValue(treeCalc_2!$F$2,11) -> 19750426
C20: =C4 -> 0.55 | D20: Zoom
D21: =_xll.PTreeNodeValue(treeCalc_2!$F$2,10) -> 15167227
D22: =1-D18 -> 0.35 | E22: =_xll.PTreeNodeProbability(treeCalc_2!$F$2,12) -> 0.13475
D23: =ZoomScenarios!E4 -> 6655570.6 | E23: =_xll.PTreeNodeValue(treeCalc_2!$F$2,12) -> 6655570.6
B24: =1-B8 -> 0.7 | C24: PriceWar
B25: 0 | C25: =_xll.PTreeNodeValue(treeCalc_2!$F$2,9) -> 1.0246085e+08
D26: =D2 -> 0.65 | E26: =_xll.PTreeNodeProbability(treeCalc_2!$F$2,14) -> 0.20475
D27: =ZoomScenarios!E2 -> 2.7630323e+08 | E27: =_xll.PTreeNodeValue(treeCalc_2!$F$2,14) -> 2.7630323e+08
C28: =1-C20 -> 0.45 | D28: Zoom
D29: =_xll.PTreeNodeValue(treeCalc_2!$F$2,13) -> 2.0915305e+08
D30: =1-D26 -> 0.35 | E30: =_xll.PTreeNodeProbability(treeCalc_2!$F$2,15) -> 0.11025
D31: =ZoomScenarios!E3 -> 84445585 | E31: =_xll.PTreeNodeValue(treeCalc_2!$F$2,15) -> 84445585
E66: =ZoomScenarios!K4 -> 0.65 | F66: =_xll.PTreeNodeProbability(treeCalc_1!$F$2,12) -> 0.10725
E67: =ZoomScenarios!E8 -> 15297343 | F67: =_xll.PTreeNodeValue(treeCalc_1!$F$2,12) -> 15297343
D68: =ZoomScenarios!K2 -> 0.55 | E68: Zoom
E69: =_xll.PTreeNodeValue(treeCalc_1!$F$2,6) -> 10855554
E70: =1-E66 -> 0.35 | F70: =_xll.PTreeNodeProbability(treeCalc_1!$F$2,13) -> 0.05775
E71: =ZoomScenarios!E9 -> 2606518.7 | F71: =_xll.PTreeNodeValue(treeCalc_1!$F$2,13) -> 2606518.7
C72: =ZoomScenarios!K3 -> 0.3 | D72: PriceWar
C73: 0 | D73: =_xll.PTreeNodeValue(treeCalc_1!$F$2,4) -> 11518908
E74: =E66 -> 0.65 | F74: =_xll.PTreeNodeProbability(treeCalc_1!$F$2,14) -> 0.08775
E75: =ZoomScenarios!E7 -> 14435060 | F75: =_xll.PTreeNodeValue(treeCalc_1!$F$2,14) -> 14435060
D76: =1-D68 -> 0.45 | E76: Zoom
E77: =_xll.PTreeNodeValue(treeCalc_1!$F$2,7) -> 12329674
E78: =1-E74 -> 0.35 | F78: =_xll.PTreeNodeProbability(treeCalc_1!$F$2,15) -> 0.04725
E79: =ZoomScenarios!E6 -> 8419671.1 | F79: =_xll.PTreeNodeValue(treeCalc_1!$F$2,15) -> 8419671.1
B80: =_xll.PTreeNodeDecision(treeCalc_1!$F$2,2) -> TRUE | C80: RivalQuality
B81: 0 | C81: =_xll.PTreeNodeValue(treeCalc_1!$F$2,2) -> 75178266
E82: =E66 -> 0.65 | F82: =_xll.PTreeNodeProbability(treeCalc_1!$F$2,16) -> 0.25025
E83: =ZoomScenarios!E5 -> 19750426 | F83: =_xll.PTreeNodeValue(treeCalc_1!$F$2,16) -> 19750426
D84: =D68 -> 0.55 | E84: Zoom
E85: =_xll.PTreeNodeValue(treeCalc_1!$F$2,8) -> 15167227
E86: =1-E82 -> 0.35 | F86: =_xll.PTreeNodeProbability(treeCalc_1!$F$2,17) -> 0.13475
E87: =ZoomScenarios!E4 -> 6655570.6 | F87: =_xll.PTreeNodeValue(treeCalc_1!$F$2,17) -> 6655570.6
C88: =1-C72 -> 0.7 | D88: PriceWar
C89: 0 | D89: =_xll.PTreeNodeValue(treeCalc_1!$F$2,5) -> 1.0246085e+08
E90: =E66 -> 0.65 | F90: =_xll.PTreeNodeProbability(treeCalc_1!$F$2,18) -> 0.20475
E91: =ZoomScenarios!E2 -> 2.7630323e+08 | F91: =_xll.PTreeNodeValue(treeCalc_1!$F$2,18) -> 2.7630323e+08
D92: =1-D84 -> 0.45 | E92: Zoom
E93: =_xll.PTreeNodeValue(treeCalc_1!$F$2,9) -> 2.0915305e+08
E94: =1-E90 -> 0.35 | F94: =_xll.PTreeNodeProbability(treeCalc_1!$F$2,19) -> 0.11025
E95: =ZoomScenarios!E3 -> 84445585 | F95: =_xll.PTreeNodeValue(treeCalc_1!$F$2,19) -> 84445585
B96: SellNow?
B97: =_xll.PTreeNodeValue(treeCalc_1!$F$2,1) -> 75178266
C98: =ZoomScenarios!P6 -> 0.4 | D98: =_xll.PTreeNodeProbability(treeCalc_1!$F$2,10) -> 0
C99: =ZoomScenarios!O7 -> 91005000 | D99: =_xll.PTreeNodeValue(treeCalc_1!$F$2,10) -> 91005000
B100: =_xll.PTreeNodeDecision(treeCalc_1!$F$2,3) -> FALSE | C100: Acq Price
C101: =_xll.PTreeNodeValue(treeCalc_1!$F$2,3) -> 72389250
C102: =1-C98 -> 0.6 | D102: =_xll.PTreeNodeProbability(treeCalc_1!$F$2,11) -> 0
C103: =ZoomScenarios!O6 -> 59978750 | D103: =_xll.PTreeNodeValue(treeCalc_1!$F$2,11) -> 59978750

Sheet Sensitivity

Sheet SandBox
C2: 0.7 | D2: =_xll.PTreeNodeProbability(treeCalc_3!$F$2,4) -> 0
C3: -500 | D3: =_xll.PTreeNodeValue(treeCalc_3!$F$2,4) -> -500
B4: =_xll.PTreeNodeDecision(treeCalc_3!$F$2,2) -> FALSE | C4: Sick?
B5: 0 | C5: =_xll.PTreeNodeValue(treeCalc_3!$F$2,2) -> -380
C6: =1-C2 -> 0.3 | D6: =_xll.PTreeNodeProbability(treeCalc_3!$F$2,5) -> 0
C7: -100 | D7: =_xll.PTreeNodeValue(treeCalc_3!$F$2,5) -> -100
B8: F2F
B9: =_xll.PTreeNodeValue(treeCalc_3!$F$2,1) -> -110
C10: 0.4 | D10: =_xll.PTreeNodeProbability(treeCalc_3!$F$2,6) -> 0.4
C11: -200 | D11: =_xll.PTreeNodeValue(treeCalc_3!$F$2,6) -> -200
B12: =_xll.PTreeNodeDecision(treeCalc_3!$F$2,3) -> TRUE | C12: Sick?
B13: 0 | C13: =_xll.PTreeNodeValue(treeCalc_3!$F$2,3) -> -110
C14: =1-C10 -> 0.6 | D14: =_xll.PTreeNodeProbability(treeCalc_3!$F$2,7) -> 0.6
C15: -50 | D15: =_xll.PTreeNodeValue(treeCalc_3!$F$2,7) -> -50

Sheet treeCalc_3
A1: Name | B1: F2F Classes | E1: Ptree1 Compatibility | F1: 3 | H1: Output Label | K1: R-Value Ref. | L1: 100
A2: SheetRef | B2: =SandBox!#REF! -> #REF! | E2: Eval. Function | F2: =_xll.PTreeEvaluate5(B3,$L$11:$L$17,$J$11:$J$17,$K$11:$K$17,$N$11:$N$17,$G$11:$G$17,,L1) -> 437379
A3: GenInfo | B3: 0,3,1,0,0,Exponential, 0,0,-1,0,-1,-1,.0001 | E3: Creation Version | F3: 8.0.1 | H3: Output Value NF | I3: <NF>
A4: Def. Link | B4: = | E4: Required Version | F4: 5.0.0 | H4: Output Prob NF | I4: Automatic
A5: EXT REFS | B5: 0 | E5: Recommended Version | F5: 5.0.0 | H5: Input Value NF | I5: <NF>
A6: Def. Form | E6: Last Modified By Version | F6: 8.0.1 | H6: Input Prob NF | I6: Automatic
A7: Calc Macro | E7: Model GUID | F7: 11C40EEE
A8: Highest# | B8: 7
A10: Anchor Cell | B10: Branch Name | C10: bformtype | D10: valformula | E10: pbformula | F10: distribution | G10: cumPayoffFunction | H10: link | I10: ENDNODEFORMULA | J10: VAL | K10: PB | L10: GenInfo | M10: IntRefs | N10: RefRefs | O10: NodeNames | P10: Collapsed
A11: =SandBox!$B$9 -> -110 | B11: =B1 -> F2F Classes | C11: 0 | I11: DEFAULT | J11: =SandBox!$A$9 -> 0 | K11: =SandBox!$A$8 -> 0 | L11: 2,0,0,2,2,3,0,0,0 | M11: 0 | O11: =SandBox!$B$8 -> F2F | P11: FALSE
A12: =SandBox!$C$5 -> -380 | B12: F2F | C12: 0 | I12: DEFAULT | J12: =SandBox!$B$5 -> 0 | L12: 1,0,0,2,4,5,1,0,0 | M12: 0 | O12: =SandBox!$C$4 -> Sick? | P12: FALSE
A13: =SandBox!$C$13 -> -110 | B13: Online | C13: 0 | I13: DEFAULT | J13: =SandBox!$B$13 -> 0 | L13: 1,0,0,2,6,7,1,0,0 | M13: 0 | O13: =SandBox!$C$12 -> Sick? | P13: FALSE
A14: =SandBox!$D$3 -> -500 | B14: High | C14: 0 | H14: DEFAULT | I14: DEFAULT | J14: =SandBox!$C$3 -> -500 | K14: =SandBox!$C$2 -> 0.7 | L14: 4,0,0,0,2,0,0 | M14: 0 | P14: FALSE
A15: =SandBox!$D$7 -> -100 | B15: Low | C15: 0 | H15: DEFAULT | I15: DEFAULT | J15: =SandBox!$C$7 -> -100 | K15: =SandBox!$C$6 -> 0.3 | L15: 4,0,0,0,2,0,0 | M15: 0 | P15: FALSE
A16: =SandBox!$D$11 -> -200 | B16: High | C16: 0 | H16: DEFAULT | I16: DEFAULT | J16: =SandBox!$C$11 -> -200 | K16: =SandBox!$C$10 -> 0.4 | L16: 4,0,0,0,3,0,0 | M16: 0 | P16: FALSE
A17: =SandBox!$D$15 -> -50 | B17: Low | C17: 0 | H17: DEFAULT | I17: DEFAULT | J17: =SandBox!$C$15 -> -50 | K17: =SandBox!$C$14 -> 0.6 | L17: 4,0,0,0,3,0,0 | M17: 0 | P17: FALSE

Sheet treeCalc_2
A1: Name | B1: Zoom Value | E1: Ptree1 Compatibility | F1: 3 | H1: Output Label | K1: R-Value Ref. | L1: 100
A2: SheetRef | B2: =ZoomTree!#REF! -> #REF! | E2: Eval. Function | F2: =_xll.PTreeEvaluate5(B3,$L$11:$L$25,$J$11:$J$25,$K$11:$K$25,$N$11:$N$25,$G$11:$G$25,,L1) -> 283010
A3: GenInfo | B3: 0,2,1,0,0,Exponential, 0,0,-1,0,-1,-1,.0001 | E3: Creation Version | F3: 8.0.1 | H3: Output Value NF | I3: <NF>
A4: Def. Link | B4: = | E4: Required Version | F4: 5.0.0 | H4: Output Prob NF | I4: Automatic
A5: EXT REFS | B5: 0 | E5: Recommended Version | F5: 5.0.0 | H5: Input Value NF | I5: <NF>
A6: Def. Form | E6: Last Modified By Version | F6: 8.0.1 | H6: Input Prob NF | I6: Automatic
A7: Calc Macro | E7: Model GUID | F7: 13E19F55
A8: Highest# | B8: 15
A10: Anchor Cell | B10: Branch Name | C10: bformtype | D10: valformula | E10: pbformula | F10: distribution | G10: cumPayoffFunction | H10: link | I10: ENDNODEFORMULA | J10: VAL | K10: PB | L10: GenInfo | M10: IntRefs | N10: RefRefs | O10: NodeNames | P10: Collapsed
A11: =ZoomTree!$B$17 -> 75178266 | B11: =B1 -> Zoom Value | C11: 0 | I11: DEFAULT | J11: =ZoomTree!$A$17 -> 0 | K11: =ZoomTree!$A$16 -> 0 | L11: 1,0,0,2,2,9,0,0,0 | M11: 0 | O11: =ZoomTree!$B$16 -> RivalQuality | P11: FALSE
A12: =ZoomTree!$C$9 -> 11518908 | B12: High | C12: 0 | I12: DEFAULT | J12: =ZoomTree!$B$9 -> 0 | K12: =ZoomTree!$B$8 -> 0.3 | L12: 1,0,0,2,3,6,1,0,0 | M12: 0 | O12: =ZoomTree!$C$8 -> PriceWar | P12: FALSE
A13: =ZoomTree!$D$5 -> 10855554 | B13: War! | C13: 0 | I13: DEFAULT | J13: =ZoomTree!$C$5 -> 0 | K13: =ZoomTree!$C$4 -> 0.55 | L13: 1,0,0,2,4,5,2,0,0 | M13: 0 | O13: =ZoomTree!$D$4 -> Zoom | P13: FALSE
A14: =ZoomTree!$E$3 -> 15297343 | B14: Innovate | C14: 0 | H14: DEFAULT | I14: DEFAULT | J14: =ZoomTree!$D$3 -> 15297343 | K14: =ZoomTree!$D$2 -> 0.65 | L14: 4,0,0,0,3,0,0 | M14: 0 | P14: FALSE
A15: =ZoomTree!$E$7 -> 2606518.7 | B15: Lag | C15: 0 | H15: DEFAULT | I15: DEFAULT | J15: =ZoomTree!$D$7 -> 2606518.7 | K15: =ZoomTree!$D$6 -> 0.35 | L15: 4,0,0,0,3,0,0 | M15: 0 | P15: FALSE
A16: =ZoomTree!$D$13 -> 12329674 | B16: Peace | C16: 0 | I16: DEFAULT | J16: =ZoomTree!$C$13 -> 0 | K16: =ZoomTree!$C$12 -> 0.45 | L16: 1,0,0,2,7,8,2,0,0 | M16: 0 | O16: =ZoomTree!$D$12 -> Zoom | P16: FALSE
A17: =ZoomTree!$E$11 -> 14435060 | B17: Innovate | C17: 0 | H17: DEFAULT | I17: DEFAULT | J17: =ZoomTree!$D$11 -> 14435060 | K17: =ZoomTree!$D$10 -> 0.65 | L17: 4,0,0,0,6,0,0 | M17: 0 | P17: FALSE
A18: =ZoomTree!$E$15 -> 8419671.1 | B18: Lag | C18: 0 | H18: DEFAULT | I18: DEFAULT | J18: =ZoomTree!$D$15 -> 8419671.1 | K18: =ZoomTree!$D$14 -> 0.35 | L18: 4,0,0,0,6,0,0 | M18: 0 | P18: FALSE
A19: =ZoomTree!$C$25 -> 1.0246085e+08 | B19: Low | C19: 0 | I19: DEFAULT | J19: =ZoomTree!$B$25 -> 0 | K19: =ZoomTree!$B$24 -> 0.7 | L19: 1,0,0,2,10,13,1,0,0 | M19: 0 | O19: =ZoomTree!$C$24 -> PriceWar | P19: FALSE
A20: =ZoomTree!$D$21 -> 15167227 | B20: War! | C20: 0 | I20: DEFAULT | J20: =ZoomTree!$C$21 -> 0 | K20: =ZoomTree!$C$20 -> 0.55 | L20: 1,0,0,2,11,12,9,0,0 | M20: 0 | O20: =ZoomTree!$D$20 -> Zoom | P20: FALSE
A21: =ZoomTree!$E$19 -> 19750426 | B21: Innovate | C21: 0 | H21: DEFAULT | I21: DEFAULT | J21: =ZoomTree!$D$19 -> 19750426 | K21: =ZoomTree!$D$18 -> 0.65 | L21: 4,0,0,0,10,0,0 | M21: 0 | P21: FALSE
A22: =ZoomTree!$E$23 -> 6655570.6 | B22: Lag | C22: 0 | H22: DEFAULT | I22: DEFAULT | J22: =ZoomTree!$D$23 -> 6655570.6 | K22: =ZoomTree!$D$22 -> 0.35 | L22: 4,0,0,0,10,0,0 | M22: 0 | P22: FALSE
A23: =ZoomTree!$D$29 -> 2.0915305e+08 | B23: Peace | C23: 0 | I23: DEFAULT | J23: =ZoomTree!$C$29 -> 0 | K23: =ZoomTree!$C$28 -> 0.45 | L23: 1,0,0,2,14,15,9,0,0 | M23: 0 | O23: =ZoomTree!$D$28 -> Zoom | P23: FALSE
A24: =ZoomTree!$E$27 -> 2.7630323e+08 | B24: Innovate | C24: 0 | H24: DEFAULT | I24: DEFAULT | J24: =ZoomTree!$D$27 -> 2.7630323e+08 | K24: =ZoomTree!$D$26 -> 0.65 | L24: 4,0,0,0,13,0,0 | M24: 0 | P24: FALSE
A25: =ZoomTree!$E$31 -> 84445585 | B25: Lag | C25: 0 | H25: DEFAULT | I25: DEFAULT | J25: =ZoomTree!$D$31 -> 84445585 | K25: =ZoomTree!$D$30 -> 0.35 | L25: 4,0,0,0,13,0,0 | M25: 0 | P25: FALSE

Sheet treeCalc_1
A1: Name | B1: Sell Zoom? | E1: Ptree1 Compatibility | F1: 3 | H1: Output Label | K1: R-Value Ref. | L1: 100
A2: SheetRef | B2: =ZoomTree!#REF! -> #REF! | E2: Eval. Function | F2: =_xll.PTreeEvaluate5(B3,$L$11:$L$29,$J$11:$J$29,$K$11:$K$29,$N$11:$N$29,$G$11:$G$29,,L1) -> 308737
A3: GenInfo | B3: 0,1,1,0,0,Exponential, 0,0,-1,0,-1,-1,.0001 | E3: Creation Version | F3: 8.0.1 | H3: Output Value NF | I3: <NF>
A4: Def. Link | B4: = | E4: Required Version | F4: 5.0.0 | H4: Output Prob NF | I4: Automatic
A5: EXT REFS | B5: 0 | E5: Recommended Version | F5: 5.0.0 | H5: Input Value NF | I5: <NF>
A6: Def. Form | E6: Last Modified By Version | F6: 8.0.1 | H6: Input Prob NF | I6: Automatic
A7: Calc Macro | E7: Model GUID | F7: 165643DF
A8: Highest# | B8: 19
A10: Anchor Cell | B10: Branch Name | C10: bformtype | D10: valformula | E10: pbformula | F10: distribution | G10: cumPayoffFunction | H10: link | I10: ENDNODEFORMULA | J10: VAL | K10: PB | L10: GenInfo | M10: IntRefs | N10: RefRefs | O10: NodeNames | P10: Collapsed
A11: =ZoomTree!$B$97 -> 75178266 | B11: =B1 -> Sell Zoom? | C11: 0 | I11: DEFAULT | J11: =ZoomTree!$A$97 -> 0 | K11: =ZoomTree!$A$96 -> 0 | L11: 2,0,0,2,2,3,0,0,0 | M11: 0 | O11: =ZoomTree!$B$96 -> SellNow? | P11: FALSE
A12: =ZoomTree!$C$81 -> 75178266 | B12: NoSell | C12: 0 | I12: DEFAULT | J12: =ZoomTree!$B$81 -> 0 | L12: 1,0,0,2,4,5,1,0,0 | M12: 0 | O12: =ZoomTree!$C$80 -> RivalQuality | P12: FALSE
A13: =ZoomTree!$C$101 -> 72389250 | B13: Sell | C13: 0 | I13: DEFAULT | J13: =ZoomTree!$B$101 -> 0 | L13: 1,0,0,2,10,11,1,0,0 | M13: 0 | O13: =ZoomTree!$C$100 -> Acq Price | P13: FALSE
A14: =ZoomTree!$D$73 -> 11518908 | B14: High | C14: 0 | I14: DEFAULT | J14: =ZoomTree!$C$73 -> 0 | K14: =ZoomTree!$C$72 -> 0.3 | L14: 1,0,0,2,6,7,2,0,0 | M14: 0 | O14: =ZoomTree!$D$72 -> PriceWar | P14: FALSE
A15: =ZoomTree!$D$89 -> 1.0246085e+08 | B15: Low | C15: 0 | I15: DEFAULT | J15: =ZoomTree!$C$89 -> 0 | K15: =ZoomTree!$C$88 -> 0.7 | L15: 1,0,0,2,8,9,2,0,0 | M15: 0 | O15: =ZoomTree!$D$88 -> PriceWar | P15: FALSE
A16: =ZoomTree!$E$69 -> 10855554 | B16: War! | C16: 0 | I16: DEFAULT | J16: =ZoomTree!$D$69 -> 0 | K16: =ZoomTree!$D$68 -> 0.55 | L16: 1,0,0,2,12,13,4,0,0 | M16: 0 | O16: =ZoomTree!$E$68 -> Zoom | P16: FALSE
A17: =ZoomTree!$E$77 -> 12329674 | B17: Peace | C17: 0 | I17: DEFAULT | J17: =ZoomTree!$D$77 -> 0 | K17: =ZoomTree!$D$76 -> 0.45 | L17: 1,0,0,2,14,15,4,0,0 | M17: 0 | O17: =ZoomTree!$E$76 -> Zoom | P17: FALSE
A18: =ZoomTree!$E$85 -> 15167227 | B18: War! | C18: 0 | I18: DEFAULT | J18: =ZoomTree!$D$85 -> 0 | K18: =ZoomTree!$D$84 -> 0.55 | L18: 1,0,0,2,16,17,5,0,0 | M18: 0 | O18: =ZoomTree!$E$84 -> Zoom | P18: FALSE
A19: =ZoomTree!$E$93 -> 2.0915305e+08 | B19: Peace | C19: 0 | I19: DEFAULT | J19: =ZoomTree!$D$93 -> 0 | K19: =ZoomTree!$D$92 -> 0.45 | L19: 1,0,0,2,18,19,5,0,0 | M19: 0 | O19: =ZoomTree!$E$92 -> Zoom | P19: FALSE
A20: =ZoomTree!$D$99 -> 91005000 | B20: High | C20: 0 | H20: DEFAULT | I20: DEFAULT | J20: =ZoomTree!$C$99 -> 91005000 | K20: =ZoomTree!$C$98 -> 0.4 | L20: 4,0,0,0,3,0,0 | M20: 0 | P20: FALSE
A21: =ZoomTree!$D$103 -> 59978750 | B21: Low | C21: 0 | H21: DEFAULT | I21: DEFAULT | J21: =ZoomTree!$C$103 -> 59978750 | K21: =ZoomTree!$C$102 -> 0.6 | L21: 4,0,0,0,3,0,0 | M21: 0 | P21: FALSE
A22: =ZoomTree!$F$67 -> 15297343 | B22: Innovate | C22: 0 | H22: DEFAULT | I22: DEFAULT | J22: =ZoomTree!$E$67 -> 15297343 | K22: =ZoomTree!$E$66 -> 0.65 | L22: 4,0,0,0,6,0,0 | M22: 0 | P22: FALSE
A23: =ZoomTree!$F$71 -> 2606518.7 | B23: Lag | C23: 0 | H23: DEFAULT | I23: DEFAULT | J23: =ZoomTree!$E$71 -> 2606518.7 | K23: =ZoomTree!$E$70 -> 0.35 | L23: 4,0,0,0,6,0,0 | M23: 0 | P23: FALSE
A24: =ZoomTree!$F$75 -> 14435060 | B24: Innovate | C24: 0 | H24: DEFAULT | I24: DEFAULT | J24: =ZoomTree!$E$75 -> 14435060 | K24: =ZoomTree!$E$74 -> 0.65 | L24: 4,0,0,0,7,0,0 | M24: 0 | P24: FALSE
A25: =ZoomTree!$F$79 -> 8419671.1 | B25: Lag | C25: 0 | H25: DEFAULT | I25: DEFAULT | J25: =ZoomTree!$E$79 -> 8419671.1 | K25: =ZoomTree!$E$78 -> 0.35 | L25: 4,0,0,0,7,0,0 | M25: 0 | P25: FALSE
A26: =ZoomTree!$F$83 -> 19750426 | B26: Innovate | C26: 0 | H26: DEFAULT | I26: DEFAULT | J26: =ZoomTree!$E$83 -> 19750426 | K26: =ZoomTree!$E$82 -> 0.65 | L26: 4,0,0,0,8,0,0 | M26: 0 | P26: FALSE
A27: =ZoomTree!$F$87 -> 6655570.6 | B27: Lag | C27: 0 | H27: DEFAULT | I27: DEFAULT | J27: =ZoomTree!$E$87 -> 6655570.6 | K27: =ZoomTree!$E$86 -> 0.35 | L27: 4,0,0,0,8,0,0 | M27: 0 | P27: FALSE
A28: =ZoomTree!$F$91 -> 2.7630323e+08 | B28: Innovate | C28: 0 | H28: DEFAULT | I28: DEFAULT | J28: =ZoomTree!$E$91 -> 2.7630323e+08 | K28: =ZoomTree!$E$90 -> 0.65 | L28: 4,0,0,0,9,0,0 | M28: 0 | P28: FALSE
A29: =ZoomTree!$F$95 -> 84445585 | B29: Lag | C29: 0 | H29: DEFAULT | I29: DEFAULT | J29: =ZoomTree!$E$95 -> 84445585 | K29: =ZoomTree!$E$94 -> 0.35 | L29: 4,0,0,0,9,0,0 | M29: 0 | P29: FALSE
